cohdb
Replays
Latest Replays
All Replays
Popular Replays
Top Player Replays
Match Explorer
How It Works
Community
CoH3 Stats
Reddit
Sign in to upload your games and track your stats! →
Sign in with Steam
Match 44372163
Unlisted
Match 44372163
Overview
Messages
Build Orders
End
Construct Section Command Post
Selects Australian Defense Battlegroup
Selects Australian Light Infantry Section
Dingo Light Scout Car
Selects Australian Light Infantry Section
Australian Light Infantry Section
Infantry Section
Vickers Machine Gun Team
Royal Engineer Section
Construct Platoon Command Post
Selects CMP 15cwt Supply Run
Humber Armored Car
Selects Reinforced Resource Caches
Vickers Machine Gun Team
robwarrior
imba ☯
Luke
Tuang
Inky
Ace_Existance
0
0
Comments
sign in to comment!
No comments posted yet!